 Dungeon Crawl Stone Soup version 0.30-a0-172-gc5509c9e31 (webtiles) character file.

Game seed: 2717215760504415031

34689 qw the Cleaver (level 13, -2/82 HPs)
             Began as a Gargoyle Fighter on Oct 1, 2022.
             Was a High Priest of Okawaru.
             Killed from afar by an oklob plant (14 damage)
             ... with a splash of acid
             ... on level 4 of the Lair of Beasts.
             The game lasted 00:05:24 (12195 turns).

qw the Cleaver (Gargoyle Fighter)                  Turns: 12195, Time: 00:05:25

Health: -2/82      AC: 15    Str: 24    XL:     13   Next: 79%
Magic:  24/29      EV: 15    Int: 10    God:    Okawaru [*****.]
Gold:   621        SH:  8    Dex: 15    Spells: 12/12 levels left

rFire   . . .      SeeInvis .    Y - +2 war axe
rCold   . . .      Faith    .    c - +0 buckler
rNeg    + . .      Spirit   .    t - +0 plate armour
rPois   inf        Reflect  .    v - +1 helmet
rElec   +          Harm     .    (no cloak)
rCorr   .          Rampage  .    (no gloves)
Will    .....                    e - +1 pair of boots
Stlth   ..........               s - amulet of regeneration
HPRegen 1.13/turn                k - +4 ring of evasion
MPRegen 0.21/turn                b - ring of Zorug {MP+9 Dex+6}

@: about to teleport, heroic, finesse-ful, corroded
A: sickness immunity, AC +9, negative energy resistance 1, electricity
resistance, torment resistance 1, petrification resistance
a: Renounce Religion, Heroism, Finesse, Duel


You were on level 4 of the Lair of Beasts.
You worshipped Okawaru.
Okawaru was extremely pleased with you.
You visited 3 branches of the dungeon, and saw 14 of its levels.

You collected 766 gold pieces.
You spent 145 gold pieces at shops.


Innate Abilities, Weirdness & Mutations

You are immune to sickness and miasma.
Your stone body is resilient. (AC +9)
You are immune to poison.
You resist negative energy. (rN+)
You are resistant to electric shocks. (rElec)
You are resistant to unholy torment.
You are immune to petrification.


   Skills:
 - Level 10.0(15.0) Fighting
 + Level 12.1(17.1) Axes
 - Level 5.0(10.0) Throwing
 - Level 9.1(14.1) Armour
 - Level 3.2(8.2) Dodging
 - Level 10.5(15.5) Shields
 - Level 10.0 Invocations


You had 12 spell levels left.
You didn't know any spells.
Your spell library was empty.

Inventory:

Hand Weapons
 y - a -1 demon whip of venom
 Y - a +2 war axe (weapon)
Missiles
 j - 2 boomerangs
 q - 2 silver javelins (quivered)
Armour
 c - a +0 buckler (worn)
 e - a +1 pair of boots (worn)
 t - a +0 plate armour (worn)
 v - a +1 helmet (worn)
Jewellery
 b - the ring of Zorug (right hand) {MP+9 Dex+6}
   (You acquired it on level 4 of the Dungeon)

   [ring of magical power]

   Dex:       It affects your dexterity (+6).
   MP:        It affects your magic capacity (+9).
 k - a +4 ring of evasion (left hand)
 o - a ring of resist corrosion
 s - an amulet of regeneration (around neck)
 w - a ring of fire
Scrolls
 a - 3 scrolls of identify
 p - 2 scrolls of teleportation
Potions
 d - 5 potions of might
 f - 5 potions of mutation
 g - 4 potions of haste
 h - 2 potions of lignification
 i - 4 potions of attraction
 m - a potion of magic
 n - 2 potions of curing
 r - 2 potions of flight {unknown}
 u - a potion of resistance

Dungeon Overview and Level Annotations

Branches:
Dungeon (9/15)             Temple (1/1) D:5            Lair (4/5) D:9
  Swamp (0/4) Lair:3       Spider (0/4) Lair:2        Slime (0/5) Lair:4
    Orc: D:9-12

Altars:
Ashenzari
Cheibriados
Dithmenos
Elyvilon
Fedhas
Gozag
Hepliaklqana
Kikubaaqudgha
Nemelex Xobeh
Okawaru
Qazlal
Ru
Sif Muna
Trog
Uskayaw
Vehumet
Wu Jian
Xom
Yredelemnul
Zin
The Shining One
Jiyva

Shops:
D:4 !:[=

Annotations:
D:6 2 transporters, qw's ghost, novice GrFi
D:9 3 runed translucent doors, qw's ghost, journeyman GrFi


Message History

The splash of acid hits you. The acid corrodes you!
The oklob plant spits acid at you. The splash of acid misses you.
The oklob plant spits acid at you. You block the splash of acid.
The oklob plant spits acid at you. The splash of acid hits you!
You hit the oklob plant.
The oklob plant is lightly damaged.
You slash the oklob plant!
The oklob plant is moderately damaged.
You slash the oklob plant!
The oklob plant is heavily damaged.
You slash the oklob plant!
The oklob plant is severely damaged.
You hit the oklob plant but do no damage.
The oklob plant is severely damaged.
The oklob plant spits acid at you. The splash of acid hits you!!
The acid corrodes you!
You slice the oklob plant!!
You destroy the oklob plant!
Okawaru accepts your kill. The oklob plant spits acid at you.
The splash of acid hits you! The acid corrodes you!
You slash the oklob plant!
The oklob plant is lightly damaged.
You hit the oklob plant. You slash the oklob plant!
The oklob plant is moderately damaged.
You slash the oklob plant! The oklob plant spits acid at you.
The splash of acid hits you! The oklob plant spits acid at you.
The splash of acid hits you! The acid corrodes you!
12195 ||| READING 3 scrolls of teleportation.
As you read the scroll of teleportation, it crumbles to dust.
You feel strangely unstable. The oklob plant spits acid at you.
The splash of acid hits you!
You die...

#........###
#..##....#.##
#..##.....#.#
#...###.....#
#...####...###
#.:..####..#.#
##....###....#
#.....###...#
#..@.## ##..##
#..PP.# ##..#
#..P>.# #...##
##.....#
##...# ##..###
#..### ####
##.# #.# ##.#
#..##


You could see 3 oklob plants.

Vanquished Creatures
  Harold (D:9)
  A hydra (Lair:3)
  2 boulder beetles
  2 two-headed ogres (D:9)
  Amaemon (Lair:3)
  An oklob plant (Lair:4)
  4 elephants (Lair:2)
  3 cane toads
  An orange demon (Lair:3)
  A rime drake (Lair:4)
  5 komodo dragons
  2 ice devils (Lair:3)
  A polar bear (Lair:1)
  2 tyrant leeches (Lair:3)
  Prince Ribbit (D:5)
  7 dream sheep (Lair:4)
  13 blink frogs
  2 shadows
  9 wyverns
  A wraith (D:9)
  18 yaks
  A basilisk (Lair:1)
  A swamp worm (Lair:3)
  A steam dragon (D:8)
  2 redbacks (Lair:2)
  6 water moccasins
  6 black bears
  An orc warrior (D:8)
  A sky beast (D:7)
  2 centaurs
  A kobold brigand (D:5)
  A gnoll sergeant (D:5)
  12 bullfrogs
  7 scorpions
  8 wights
  5 killer bees (D:8)
  2 jellies
  3 hounds
  A gnoll bouda (D:7)
  6 iguanas
  5 orc priests
  10 orc wizards
  Ijyb (D:3)
  8 gnolls
  7 adders
  5 worms
  A dart slug (D:5)
  24 orcs
  14 endoplasms
  6 giant cockroaches
  7 goblins
  5 hobgoblins
  4 jackals (D:1)
  3 quokkas
  5 ball pythons
  4 bats
  2 frilled lizards (D:2)
  11 kobolds
  5 rats
272 creatures vanquished.

Vanquished Creatures (others)
  9 fungi
  15 plants
24 creatures vanquished.

Grand Total: 296 creatures vanquished

Notes
Turn   | Place    | Note
-------+----------+-------------------------------------------
     0 | D:1      | qw the Gargoyle Fighter began the quest for the Orb.
     0 | D:1      | Reached XP level 1. HP: 14/14 MP: 1/1
     0 | D:1      | 0 ||| qw: Version: 0.2-a-13-gfc7b4b4
     0 | D:1      | 0 ||| qw: Game counter: 1789
     0 | D:1      | 0 ||| qw: Always use a shield: true
     0 | D:1      | 0 ||| qw: God list: Okawaru
     0 | D:1      | 0 ||| qw: Allow faded altars: false
     0 | D:1      | 0 ||| qw: Do Orc after D:15 true
     0 | D:1      | 0 ||| qw: Do second Lair branch before Depths: true
     0 | D:1      | 0 ||| qw: Lair rune preference: random
     0 | D:1      | 0 ||| qw: Plans: Normal, Zot:1-4, God:TSO, Crypt, Tomb,
                  | Pan, Slime:5, Hells, Abyss, Orb
     0 | D:1      | 0 ||| PLANNING D:1-11
    67 | D:1      | Reached skill level 2 in Axes
   162 | D:1      | Reached XP level 2. HP: 19/19 MP: 2/2
   166 | D:1      | HP: 3/19 [frozen (5)]
   277 | D:1      | Reached skill level 3 in Axes
   391 | D:1      | Reached XP level 3. HP: 23/23 MP: 3/3
   403 | D:1      | 403 ||| DROPPING +0 club.
   588 | D:1      | Found a faded altar of an unknown god.
   642 | D:1      | 642 ||| UPGRADING to +4 ring of evasion.
   643 | D:1      | 643 ||| READING 4 scrolls labelled YHAWNYADWA.
   644 | D:1      | 644 ||| READING 2 scrolls labelled BAMNUAMEKYRR.
   645 | D:1      | 645 ||| DRINKING 2 fizzy brown potions.
   646 | D:1      | 646 ||| READING 3 scrolls of identify.
   646 | D:1      | 646 ||| IDENTIFYING sedimented red potion
   647 | D:1      | 647 ||| READING 2 scrolls of identify.
   647 | D:1      | 647 ||| IDENTIFYING lumpy amethyst potion
   648 | D:1      | 648 ||| DROPPING potion of brilliance.
   649 | D:1      | 649 ||| DROPPING scroll of amnesia.
   677 | D:2      | 677 ||| STAIRDANCE
  1008 | D:2      | 1008 ||| Stepping ~*~*~tactically~*~*~ (hiding).
  1072 | D:2      | 1072 ||| DROPPING +0 ring mail of positive energy.
  1073 | D:2      | 1073 ||| READING scroll labelled CINAUKU YTERHO.
  1074 | D:2      | 1074 ||| Stepping randomly (stuck).
  1097 | D:2      | Reached XP level 4. HP: 28/28 MP: 4/4
  1322 | D:2      | 1322 ||| READING scroll labelled GINILE HIAWA.
  1334 | D:3      | 1334 ||| STAIRDANCE
  1342 | D:3      | 1342 ||| STAIRDANCE
  1350 | D:3      | Reached skill level 4 in Axes
  1350 | D:3      | 1350 ||| STAIRDANCE
  1447 | D:3      | Noticed Ijyb
  1460 | D:3      | Killed Ijyb
  1462 | D:3      | 1462 ||| FLEEEEING.
  1472 | D:3      | 1472 ||| FLEEEEING.
  1474 | D:3      | 1474 ||| FLEEEEING.
  1475 | D:3      | 1475 ||| FLEEEEING.
  1476 | D:3      | 1476 ||| FLEEEEING.
  1477 | D:3      | 1477 ||| FLEEEEING.
  1478 | D:3      | 1478 ||| FLEEEEING.
  1479 | D:3      | 1479 ||| STAIRDANCE
  1490 | D:2      | 1490 ||| UPGRADING to +0 pair of boots.
  1524 | D:3      | 1524 ||| Stepping ~*~*~tactically~*~*~ (stealth).
  1781 | D:3      | Reached XP level 5. HP: 32/32 MP: 5/5
  2444 | D:3      | 2444 ||| READING scroll labelled XEAMIC EGGA.
  2445 | D:3      | 2445 ||| READING scroll labelled HAQO TIBIRI.
  2446 | D:3      | 2446 ||| DRINKING 2 metallic purple potions.
  2551 | D:3      | 2551 ||| READING 4 scrolls of identify.
  2551 | D:3      | 2551 ||| IDENTIFYING green potion
  2552 | D:3      | 2552 ||| DROPPING potion of berserk rage.
  2568 | D:4      | Reached skill level 5 in Axes
  2573 | D:4      | 2573 ||| Stepping ~*~*~tactically~*~*~ (stealth).
  2601 | D:4      | Found Evyiq's Jewellery Shop.
  2615 | D:4      | Reached XP level 6. HP: 38/38 MP: 6/6
  2621 | D:4      | 2621 ||| SHOPLISTING +4 ring of evasion (432 gold, have
                  | 151).
  2621 | D:4      | 2621 ||| SHOPLISTING amulet of Zihongew {Harm rPois rF-
                  | Will++ Regen+} (578 gold, have 151).
  2621 | D:4      | 2621 ||| SHOPLISTING ring of ice (300 gold, have 151).
  2621 | D:4      | 2621 ||| SHOPLISTING ring of positive energy (240 gold,
                  | have 151).
  2621 | D:4      | 2621 ||| SHOPLISTING ring of willpower (300 gold, have
                  | 151).
  2765 | D:4      | Reached skill level 1 in Dodging
  2770 | D:4      | Found Qecei's Antique Armour Boutique.
  2779 | D:4      | 2779 ||| BUYING chain mail (85 gold).
  2779 | D:4      | Bought a chain mail for 85 gold pieces
  2779 | D:4      | 2779 ||| SHOPLISTING pair of runed boots (142 gold, have
                  | 78).
  2779 | D:4      | 2779 ||| SHOPLISTING polished ring mail (171 gold, have
                  | 78).
  2779 | D:4      | 2779 ||| SHOPLISTING runed plate armour (494 gold, have
                  | 78).
  2855 | D:4      | Found a basalt altar of Yredelemnul.
  2879 | D:4      | Found Jarick's Distillery.
  2886 | D:4      | 2886 ||| BUYING potion of attraction (30 gold).
  2886 | D:4      | Bought a potion of attraction for 30 gold pieces
  2886 | D:4      | 2886 ||| BUYING potion of curing (30 gold).
  2886 | D:4      | Bought a potion of curing for 30 gold pieces
  2886 | D:4      | 2886 ||| SHOPLISTING potion of heal wounds (50 gold, have
                  | 35).
  2900 | D:4      | Noticed a black bear
  2914 | D:4      | HP: 5/38 [black bear (10)]
  2915 | D:4      | Killed a black bear
  2916 | D:4      | Reached skill level 6 in Axes
  2916 | D:4      | Reached XP level 7. HP: 7/43 MP: 7/7
  2925 | D:4      | HP: 7/43 [ball python (2)]
  3095 | D:4      | Found a sparkling altar of Nemelex Xobeh.
  3160 | D:4      | Found an ornate altar of the Wu Jian Council.
  3212 | D:4      | Found Qitiwa's Book Boutique.
  3358 | D:4      | 3358 ||| UPGRADING to +0 chain mail.
  3368 | D:4      | 3368 ||| DROPPING +0 scale mail.
  3369 | D:4      | 3369 ||| READING scroll labelled AXIXOTH JEESA.
  3369 | D:4      | Identified a scroll of acquirement
  3369 | D:4      | 3369 ||| ACQUIRING ring of Zorug {MP+9 Dex+6}
  3369 | D:4      | Acquired the ring of Zorug {MP+9 Dex+6}
  3371 | D:4      | 3371 ||| UPGRADING to ring of Zorug {MP+9 Dex+6}.
  3432 | D:4      | 3432 ||| READING 3 scrolls of identify.
  3432 | D:4      | 3432 ||| IDENTIFYING smoky ruby potion
  3452 | D:5      | Entered Level 5 of the Dungeon
  3597 | D:5      | 3597 ||| FLEEEEING.
  3598 | D:5      | 3598 ||| FLEEEEING.
  3638 | D:5      | 3638 ||| DROPPING +0 whip.
  3644 | D:5      | 3644 ||| Stepping ~*~*~tactically~*~*~ (stealth).
  3645 | D:5      | 3645 ||| Stepping ~*~*~tactically~*~*~ (stealth).
  3661 | D:5      | Reached skill level 7 in Axes
  3720 | D:5      | Found an opulent altar of Gozag.
  3729 | D:5      | 3729 ||| Stepping ~*~*~tactically~*~*~ (stealth).
  3733 | D:5      | 3733 ||| Stepping ~*~*~tactically~*~*~ (stealth).
  3739 | D:5      | 3739 ||| Stepping ~*~*~tactically~*~*~ (stealth).
  3854 | D:5      | Reached skill level 1 in Throwing
  3854 | D:5      | Reached XP level 8. HP: 49/49 MP: 8/8
  3898 | D:5      | 3898 ||| Stepping ~*~*~tactically~*~*~ (hiding).
  3900 | D:5      | 3900 ||| Stepping ~*~*~tactically~*~*~ (hiding).
  4005 | D:5      | Noticed Prince Ribbit
  4022 | D:5      | HP: 12/49 [acid (2)]
  4023 | D:5      | 4023 ||| READING 3 scrolls of teleportation.
  4025 | D:5      | 4025 ||| DRINKING potion of heal wounds.
  4032 | D:5      | HP: 10/49 [Prince Ribbit (6)]
  4033 | D:5      | 4033 ||| READING 2 scrolls of teleportation.
  4181 | D:5      | 4181 ||| Stepping ~*~*~tactically~*~*~ (hiding).
  4182 | D:5      | 4182 ||| Stepping ~*~*~tactically~*~*~ (hiding).
  4354 | D:5      | Found a staircase to the Ecumenical Temple.
  4355 | D:5      | 4355 ||| PLANNING TEMPLE
  4355 | D:5      | 4355 ||| DROPPING amulet of faith.
  4356 | D:5      | 4356 ||| DROPPING +6 ring of dexterity.
  4366 | Temple   | Entered the Ecumenical Temple
  4367 | Temple   | 4367 ||| PLANNING OKAWARU WORSHIP
  4388 | Temple   | Became a worshipper of Warmaster Okawaru
  4389 | Temple   | 4389 ||| PLANNING D:1-11
  4502 | D:5      | 4502 ||| Stepping ~*~*~tactically~*~*~ (hiding).
  4552 | D:5      | 4552 ||| Stepping ~*~*~tactically~*~*~ (stealth).
  4585 | D:5      | Killed Prince Ribbit
  4586 | D:5      | Reached skill level 8 in Axes
  4731 | D:5      | 4731 ||| UPGRADING to amulet of regeneration.
  4736 | D:5      | 4736 ||| READING 2 scrolls labelled YTRA DUCKE.
  4737 | D:5      | 4737 ||| READING scroll of enchant weapon.
  4737 | D:5      | 4737 ||| ENCHANTING +1 war axe.
  4738 | D:5      | 4738 ||| READING scroll labelled LUDIUPP VUZXE.
  4739 | D:5      | 4739 ||| READING 3 scrolls of identify.
  4739 | D:5      | 4739 ||| IDENTIFYING white potion
  4740 | D:5      | 4740 ||| DROPPING potion of ambrosia.
  4943 | D:6      | Found a transporter.
  4945 | D:6      | Noticed qw's ghost (novice GrFi)
  4947 | D:6      | Noticed a gargoyle
  4951 | D:6      | 4951 ||| Stepping ~*~*~tactically~*~*~ (hiding).
  4960 | D:6      | 4960 ||| Stepping ~*~*~tactically~*~*~ (hiding).
  4971 | D:6      | Reached skill level 6 in Fighting
  5009 | D:6      | Found a white marble altar of Elyvilon.
  5009 | D:6      | Identified the +1 leather armour of the Dice {Will+ SInv}
  5029 | D:6      | 5029 ||| Stepping ~*~*~tactically~*~*~ (stealth).
  5035 | D:6      | 5035 ||| Stepping ~*~*~tactically~*~*~ (stealth).
  5036 | D:6      | 5036 ||| Stepping ~*~*~tactically~*~*~ (stealth).
  5040 | D:6      | 5040 ||| Stepping ~*~*~tactically~*~*~ (hiding).
  5417 | D:6      | 5417 ||| Stepping ~*~*~tactically~*~*~ (hiding).
  5425 | D:6      | Reached * piety under Okawaru
  5597 | D:6      | Found a transporter.
  5706 | D:6      | Found a blossoming altar of Fedhas.
  5770 | D:6      | Reached skill level 1 in Invocations
  5770 | D:6      | Reached XP level 9. HP: 55/55 MP: 9/9
  5965 | D:6      | 5965 ||| READING 3 scrolls labelled QOTZUO SOMY.
  5966 | D:6      | 5966 ||| READING scroll labelled PIASSIJEDD.
  5967 | D:6      | 5967 ||| READING 2 scrolls labelled KAIMIE VIYSAWA.
  5968 | D:6      | 5968 ||| READING scroll labelled USIRORCH FIGRA.
  5969 | D:6      | 5969 ||| DROPPING 2 scrolls of immolation.
  5970 | D:6      | 5970 ||| DROPPING scroll of poison.
  6154 | D:7      | 6154 ||| DROPPING +0 flail.
  6304 | D:7      | 6304 ||| INVOKING Heroism.
  6345 | D:7      | 6345 ||| INVOKING Heroism.
  6399 | D:7      | Found a shimmering blue altar of Sif Muna.
  6446 | D:7      | Reached skill level 3 in Invocations
  6658 | D:7      | Found a glowing silver altar of Zin.
  6685 | D:7      | Reached skill level 9 in Axes
  6786 | D:7      | 6786 ||| DROPPING orb of guile.
  6787 | D:7      | 6787 ||| READING 3 scrolls of identify.
  6787 | D:7      | 6787 ||| IDENTIFYING orange potion
  6788 | D:7      | 6788 ||| DROPPING potion of degeneration.
  6858 | D:8      | 6858 ||| Stepping ~*~*~tactically~*~*~ (stealth).
  6860 | D:8      | 6860 ||| Stepping ~*~*~tactically~*~*~ (stealth).
  6933 | D:8      | 6933 ||| INVOKING Heroism.
  6934 | D:8      | Reached ** piety under Okawaru
  6965 | D:8      | 6965 ||| Stepping ~*~*~tactically~*~*~ (hiding).
  6973 | D:8      | 6973 ||| INVOKING Heroism.
  6982 | D:8      | 6982 ||| Stepping ~*~*~tactically~*~*~ (hiding).
  6994 | D:8      | Reached XP level 10. HP: 53/63 MP: 13/13
  6997 | D:8      | Reached skill level 10 in Axes
  7074 | D:8      | Found a bloodstained altar of Trog.
  7127 | D:8      | 7127 ||| INVOKING Heroism.
  7131 | D:8      | 7131 ||| Stepping ~*~*~tactically~*~*~ (stealth).
  7151 | D:8      | 7151 ||| Stepping ~*~*~tactically~*~*~ (hiding).
  7162 | D:8      | 7162 ||| DRINKING 2 potions of curing.
  7162 | D:8      | 7162 ||| (to cure confusion)
  7197 | D:8      | 7197 ||| Stepping ~*~*~tactically~*~*~ (stealth).
  7206 | D:8      | 7206 ||| Stepping ~*~*~tactically~*~*~ (stealth).
  7257 | D:8      | 7257 ||| INVOKING Heroism.
  7303 | D:8      | Found a snail-covered altar of Cheibriados.
  7449 | D:8      | 7449 ||| UPGRADING to +0 plate armour.
  7459 | D:8      | 7459 ||| DROPPING +0 chain mail.
  7460 | D:8      | 7460 ||| DROPPING amulet of the acrobat.
  7525 | D:9      | 7525 ||| INVOKING Heroism.
  7541 | D:9      | Noticed a two-headed ogre
  7545 | D:9      | Reached skill level 6 in Armour
  7545 | D:9      | 7545 ||| INVOKING Heroism.
  7560 | D:9      | Reached *** piety under Okawaru
  7563 | D:9      | Killed a two-headed ogre
  7619 | D:9      | Reached skill level 11 in Axes
  7638 | D:9      | Found a staircase to the Lair.
  7651 | D:9      | Reached **** piety under Okawaru
  7684 | D:9      | 7684 ||| Stepping ~*~*~tactically~*~*~ (hiding).
  7686 | D:9      | 7686 ||| INVOKING Heroism.
  7687 | D:9      | 7687 ||| DRINKING potion of curing.
  7687 | D:9      | 7687 ||| (to cure confusion)
  7689 | D:9      | 7689 ||| Stepping ~*~*~tactically~*~*~ (hiding).
  7732 | D:9      | Found a radiant altar of Vehumet.
  8064 | D:9      | Received a gift from Okawaru
  8080 | D:9      | Found a runed translucent gate.
  8080 | D:9      | Found a runed translucent gate.
  8080 | D:9      | Found a runed translucent gate.
  8110 | D:9      | Noticed qw's ghost (journeyman GrFi)
  8140 | D:9      | Noticed a two-headed ogre
  8141 | D:9      | 8141 ||| INVOKING Heroism.
  8149 | D:9      | Killed a two-headed ogre
  8150 | D:9      | Reached XP level 11. HP: 62/68 MP: 15/15
  8165 | D:9      | Noticed Harold
  8166 | D:9      | 8166 ||| Stepping ~*~*~tactically~*~*~ (hiding).
  8169 | D:9      | 8169 ||| INVOKING Heroism.
  8180 | D:9      | Killed Harold
  8180 | D:9      | Received a gift from Okawaru
  8181 | D:9      | Reached skill level 6 in Invocations
  8185 | D:9      | HP: 15/69 [something (25)]
  8186 | D:9      | 8186 ||| READING 3 scrolls of teleportation.
  8187 | D:9      | 8187 ||| DRINKING potion of heal wounds.
  8522 | D:9      | Found a viscous altar of Jiyva.
  8563 | D:9      | 8563 ||| PLANNING LAIR
  8563 | D:9      | 8563 ||| READING 5 scrolls of identify.
  8563 | D:9      | 8563 ||| IDENTIFYING silvery potion
  8606 | Lair:1   | Entered Level 1 of the Lair of Beasts
  8609 | Lair:1   | 8609 ||| Stepping ~*~*~tactically~*~*~ (stealth).
  8611 | Lair:1   | 8611 ||| INVOKING Heroism.
  8616 | Lair:1   | 8616 ||| Stepping ~*~*~tactically~*~*~ (stealth).
  8624 | Lair:1   | 8624 ||| INVOKING Heroism.
  8658 | Lair:1   | 8658 ||| Stepping ~*~*~tactically~*~*~ (stealth).
  8659 | Lair:1   | 8659 ||| INVOKING Heroism.
  8709 | Lair:1   | Noticed a boulder beetle
  8710 | Lair:1   | 8710 ||| Stepping ~*~*~tactically~*~*~ (stealth).
  8712 | Lair:1   | 8712 ||| INVOKING Heroism.
  8737 | Lair:1   | Killed a boulder beetle
  8737 | Lair:1   | Reached ***** piety under Okawaru
  8738 | Lair:1   | Reached skill level 9 in Fighting
  8764 | Lair:1   | 8764 ||| Stepping ~*~*~tactically~*~*~ (hiding).
  8979 | Lair:1   | 8979 ||| INVOKING Heroism.
  9047 | Lair:1   | 9047 ||| INVOKING Heroism.
  9132 | Lair:1   | 9132 ||| INVOKING Heroism.
  9153 | Lair:1   | Received a gift from Okawaru
  9188 | Lair:1   | 9188 ||| INVOKING Heroism.
  9413 | Lair:1   | 9413 ||| READING 2 scrolls labelled BITRUSHR GETU.
  9414 | Lair:1   | 9414 ||| READING scroll of enchant armour.
  9414 | Lair:1   | 9414 ||| ENCHANTING +0 pair of boots.
  9459 | Lair:2   | 9459 ||| STAIRDANCE
  9536 | Lair:2   | 9536 ||| Stepping ~*~*~tactically~*~*~ (stealth).
  9538 | Lair:2   | 9538 ||| Stepping ~*~*~tactically~*~*~ (stealth).
  9580 | Lair:2   | 9580 ||| Stepping ~*~*~tactically~*~*~ (stealth).
  9592 | Lair:2   | 9592 ||| INVOKING Heroism.
  9601 | Lair:2   | Reached skill level 9 in Invocations
  9621 | Lair:2   | You fall into a shaft and drop 2 floors!
  9633 | Lair:3   | 9633 ||| Stepping ~*~*~tactically~*~*~ (stealth).
  9640 | Lair:3   | 9640 ||| Stepping ~*~*~tactically~*~*~ (stealth).
  9652 | Lair:3   | 9652 ||| Stepping ~*~*~tactically~*~*~ (stealth).
  9653 | Lair:3   | 9653 ||| INVOKING Heroism.
  9659 | Lair:3   | Reached XP level 12. HP: 76/76 MP: 18/18
  9661 | Lair:3   | Reached skill level 12 in Axes
  9697 | Lair:3   | 9697 ||| INVOKING Heroism.
  9738 | Lair:3   | Noticed a five-headed hydra
  9739 | Lair:3   | 9739 ||| INVOKING Finesse.
  9743 | Lair:3   | 9743 ||| SWAPPING to +1 flail of holy wrath.
  9744 | Lair:3   | 9744 ||| Stepping ~*~*~tactically~*~*~ (stealth).
  9748 | Lair:3   | Killed a five-headed hydra
  9748 | Lair:3   | Received a gift from Okawaru
  9749 | Lair:3   | 9749 ||| SWAPPING to +2 war axe.
  9858 | Lair:2   | 9858 ||| INVOKING Heroism.
 10051 | Lair:2   | 10051 ||| Stepping ~*~*~tactically~*~*~ (stealth).
 10105 | Lair:2   | 10105 ||| INVOKING Heroism.
 10138 | Lair:2   | Found a hole to the Spider Nest.
 10191 | Lair:2   | 10191 ||| Stepping ~*~*~tactically~*~*~ (stealth).
 10192 | Lair:2   | 10192 ||| INVOKING Heroism.
 10199 | Lair:2   | Received a gift from Okawaru
 10200 | Lair:2   | Reached skill level 3 in Throwing
 10246 | Lair:2   | 10246 ||| DROPPING +0 vorpal war axe.
 10265 | Lair:2   | 10265 ||| INVOKING Heroism.
 10463 | Lair:2   | 10463 ||| UPGRADING to +0 helmet.
 10468 | Lair:2   | 10468 ||| READING 4 scrolls of identify.
 10468 | Lair:2   | 10468 ||| IDENTIFYING yellow potion
 10469 | Lair:2   | 10469 ||| READING 3 scrolls of identify.
 10469 | Lair:2   | 10469 ||| IDENTIFYING sedimented blue potion
 10470 | Lair:2   | 10470 ||| DRINKING potion of experience.
 10470 | Lair:2   | Reached XP level 13. HP: 80/80 MP: 20/20
 10512 | Lair:3   | 10512 ||| READING scroll of enchant armour.
 10512 | Lair:3   | 10512 ||| ENCHANTING +0 helmet.
 10767 | Lair:3   | Found a staircase to the Swamp.
 10769 | Lair:3   | 10769 ||| Stepping ~*~*~tactically~*~*~ (hiding).
 10772 | Lair:3   | 10772 ||| INVOKING Heroism.
 10808 | Lair:3   | Noticed Amaemon
 10816 | Lair:3   | Reached skill level 3 in Dodging
 10820 | Lair:3   | 10820 ||| INVOKING Heroism.
 10831 | Lair:3   | Killed Amaemon
 10835 | Lair:3   | 10835 ||| DROPPING +1 flail of holy wrath.
 10972 | Lair:3   | 10972 ||| INVOKING Heroism.
 11147 | Lair:3   | 11147 ||| READING scroll labelled JAOFEMMU PALLA.
 11199 | Lair:4   | 11199 ||| Stepping ~*~*~tactically~*~*~ (hiding).
 11215 | Lair:4   | Reached skill level 9 in Armour
 11334 | Lair:4   | 11334 ||| INVOKING Heroism.
 11395 | Lair:4   | 11395 ||| Stepping ~*~*~tactically~*~*~ (stealth).
 11399 | Lair:4   | 11399 ||| INVOKING Heroism.
 11400 | Lair:4   | 11400 ||| Stepping ~*~*~tactically~*~*~ (stealth).
 11469 | Lair:4   | 11469 ||| Stepping ~*~*~tactically~*~*~ (stealth).
 11470 | Lair:4   | 11470 ||| Stepping ~*~*~tactically~*~*~ (stealth).
 11474 | Lair:4   | 11474 ||| INVOKING Heroism.
 11551 | Lair:4   | 11551 ||| INVOKING Heroism.
 11552 | Lair:4   | 11552 ||| INVOKING Finesse.
 11835 | Lair:4   | 11835 ||| INVOKING Heroism.
 11836 | Lair:4   | 11836 ||| INVOKING Finesse.
 11838 | Lair:4   | Found a staircase to the Slime Pits.
 11846 | Lair:4   | 11846 ||| READING 4 scrolls of teleportation.
 11849 | Lair:4   | HP: 17/82 [oklob plant/splash of acid (18)]
 11850 | Lair:4   | 11850 ||| DRINKING potion of heal wounds.
 12111 | Lair:4   | 12111 ||| INVOKING Heroism.
 12112 | Lair:4   | 12112 ||| INVOKING Finesse.
 12115 | Lair:4   | 12115 ||| FLEEEEING.
 12116 | Lair:4   | 12116 ||| FLEEEEING.
 12117 | Lair:4   | 12117 ||| FLEEEEING.
 12178 | Lair:4   | 12178 ||| INVOKING Heroism.
 12179 | Lair:4   | 12179 ||| INVOKING Finesse.
 12194 | Lair:4   | HP: 11/82 [oklob plant/splash of acid (16)]
 12195 | Lair:4   | 12195 ||| READING 3 scrolls of teleportation.
 12195 | Lair:4   | Killed from afar by an oklob plant

Levels and vault maps discovered:
D:1:      minmay_arrival_doors, layout_rooms,
          shapermc_ecumenical_altar_mp_ritualfount
D:2:      layout_loops_ring, serial_glass, glass_columns_a, glass_columns_b,
          glass_columns_c, glass_columns_c, glass_columns_c, glass_columns_a,
          glass_columns_a, glass_columns_a, feat_on_display, feat_on_display,
          item_on_display_b, due_unseen_surprise, minmay_fountain_box
D:3:      layout_basic, uniq_ijyb
D:4:      layout_cave_pools, old_standard_altar, mainiacjoe_overflow_alcove_1,
          nemelex_dance_club_becter, serial_shops, shop, nicolae_lakefront_shop,
          shop, shop
D:5:      layout_loops_ring, mainiacjoe_overflow_brackets,
          minmay_temple_entry_sparse_star, uniq_prince_ribbit1
D:6:      layout_layer_cave, kennysheep_mini, mainiacjoe_overflow_catwalk,
          gammafunk_ghost_arena, chequers_decorated_corner,
          hangedman_abyss_or_decor_lesser_grid, chequers_serial_rivers_micro_b
D:7:      layout_cave_pods, zin_treasury, mainiacjoe_overflow_24_doors,
          minmay_misc_feat_enclosed
D:8:      layout_rooms, lemuel_crystal_altar, mainiacjoe_overflow_alcove_2
D:9:      layout_cave_pods, mainiacjoe_overflow_small_starburst,
          minmay_lair_entry_grove, gammafunk_ghost_ooze, uniq_harold
Temple:   hellmonk_temple_rainy
Lair:1:   layout_roguey
Lair:2:   layout_small_grid, spider_nest_entry_webs
Lair:3:   layout_long_grid, minmay_swamp_entry_worms,
          portal_ice_cave_demonic_guard, grunt_megastairs_5, lemuel_fruit_tree,
          infiniplex_staircase_pool_2, uniq_amaemon
Lair:4:   layout_loops_ring, minmay_slime_entry_oklob_enclosed,
          grunt_megastairs_1, lemuel_fruit_fields

Skill      XL: |  1  2  3  4  5  6  7  8  9 10 11 12 13 |
---------------+----------------------------------------+-----
Axes           | 2 3 4 5 6 7 8 9 11 12 | 12.1
Fighting       | 4 5 6 7 8 9 10 | 10.0
Dodging        | 1 2 3 |  3.2
Throwing       | 1 2 4 5 |  5.0
Armour         | 4 7 8 9 |  9.1
Invocations    | 1 4 5 9 10 | 10.0
Shields        | 4 5 10 | 10.5

Action                   |  1- 3 |  4- 6 |  7- 9 | 10-12 | 13-15 || total
-------------------------+-------+-------+-------+-------+-------++-------
Melee: War axe           |   122 |   154 |   252 |   415 |   174 ||  1117
       Flail             |       |       |       |     4 |       ||     4
Throw: Boomerang         |       |       |    57 |    91 |     4 ||   152
       Javelin           |       |       |       |    13 |    14 ||    27
Invok: Heroism           |       |       |     4 |    22 |    10 ||    36
       Finesse           |       |       |       |     1 |     4 ||     5
  Use: Scroll            |     5 |     4 |    13 |     6 |     4 ||    32
       Potion            |     1 |     1 |     1 |     4 |     1 ||     8
Armor: Scale mail        |    57 |    69 |     4 |       |       ||   130
       Chain mail        |       |       |    99 |    17 |       ||   116
       Plate armour      |       |       |       |   146 |    50 ||   196
Dodge: Dodged            |    79 |    93 |   124 |   176 |    63 ||   535
Block: Buckler           |    22 |    37 |    80 |   115 |    33 ||   287

Table legend:
 A = Non-vault XP
 B = Vault XP
 C = Vault XP percentage of total XP
 D = Non-vault monster count
 E = Vault monster count
 F = Vault count percentage of total count
                 A         B        C        D         E       F
            +---------+---------+-------+---------+---------+-------
      Total |   24771 |    7797 |  23.9 |     241 |      31 |  11.4
            +---------+---------+-------+---------+---------+-------
        D:1 |      46 |       0 |   0.0 |      26 |       0 |   0.0
        D:2 |      51 |       0 |   0.0 |      16 |       0 |   0.0
        D:3 |      60 |      36 |  37.5 |      18 |       1 |   5.3
        D:4 |     459 |       5 |   1.1 |      18 |       2 |  10.0
        D:5 |     752 |     277 |  26.9 |      29 |       1 |   3.3
        D:6 |     730 |       0 |   0.0 |      18 |       0 |   0.0
        D:7 |     610 |       0 |   0.0 |      11 |       0 |   0.0
        D:8 |    2465 |       0 |   0.0 |      26 |       0 |   0.0
        D:9 |    2097 |    3410 |  61.9 |      18 |      13 |  41.9
     Lair:1 |    4877 |       0 |   0.0 |      18 |       0 |   0.0
     Lair:2 |    3992 |     336 |   7.8 |      13 |       2 |  13.3
     Lair:3 |    3472 |    2932 |  45.8 |      12 |       9 |  42.9
     Lair:4 |    5160 |     801 |  13.4 |      18 |       3 |  14.3
            +---------+---------+-------+---------+---------+-------
